 Dungeon Crawl Stone Soup version 0.29-a0-284-gf9362112df (webtiles) character file.

Game seed: 17021548822046660730

10250 mistaj the Fighter (level 11, -6/56 HPs)
             Began as a Vine Stalker Fighter on Mar 24, 2022.
             Was a Priest of Hepliaklqana.
             Mangled by a deep elf zephyrmancer
             ... wielding the +4 war axe "Nuxtefaw" {vorpal, rElec rF+ Int-2}
              (12 damage)
             ... on level 10 of the Dungeon.
             The game lasted 00:23:04 (10069 turns).

mistaj the Fighter (Vine Stalker Fighter)          Turns: 10069, Time: 00:23:05

Health: -6/56      AC: 15    Str: 21    XL:     11   Next: 59%
Magic:  0/12       EV: 10    Int: 10    God:    Hepliaklqana [***...]
Gold:   81         SH: 17    Dex: 14    Spells: 10/10 levels left

rFire   + . .      SeeInvis +   q - +4 short sword (vamp)
rCold   . . .      Faith    .   u - +1 kite shield of the Wheelwright {Regen+}
rNeg    . . .      Spirit   +   i - +1 chain mail of the Great Game {Fly Slay+4}
rPois   +          Reflect  +   (no helmet)
rElec   .          Harm     .   z - +0 cloak
rCorr   .          Rampage  .   l - +2 pair of gloves of the Shining Light {rF+ SInv}
Will    +....                   A - +0 pair of boots
Stlth   ..........              B - amulet of reflection
HPRegen 1.78/turn               G - ring of poison resistance
MPRegen 0.13/turn               H - +4 ring of evasion

@: about to teleport, flying
A: reduced essence, fangs 3, regeneration 1, magic shield, antimagic bite, no
potion heal 2
a: Renounce Religion, Recall Ancestor, Ancestor Identity, Transference


You were on level 10 of the Dungeon.
You worshipped Hepliaklqana.
Hepliaklqana was most pleased with you.
You visited 2 branches of the dungeon, and saw 11 of its levels.

You collected 493 gold pieces.
You spent 412 gold pieces at shops.

Inventory:

Hand Weapons
 o - a +1 hand axe of flaming
 q - a +4 vampiric short sword (weapon)
 s - a +2 war axe of electrocution
Missiles
 m - 5 silver javelins (quivered)
 x - a throwing net
Armour
 i - the +1 chain mail of the Great Game (worn) {Fly Slay+4}
   (You found it on level 2 of the Dungeon)

   Slay:      It affects your accuracy & damage with ranged weapons and melee
   (+4).
   Fly:       It grants you flight.
 l - the +2 pair of gloves of the Shining Light (worn) {rF+ SInv}
   (You acquired it on level 7 of the Dungeon)

   rF:        It protects you from fire.
   SInv:      It lets you see invisible.
 u - the +1 kite shield of the Wheelwright (worn) {Regen+}
   (You bought it in a shop on level 2 of the Dungeon)

   Regen:     It increases your rate of health regeneration.
 z - a +0 cloak (worn)
 A - a +0 pair of boots (worn)
Jewellery
 t - a ring of positive energy
 B - an amulet of reflection (around neck)
 G - a ring of poison resistance (left hand)
 H - a +4 ring of evasion (right hand)
Wands
 b - a wand of mindburst (8)
 c - a wand of charming (11)
 h - a wand of flame (16)
 w - a wand of acid (7)
 C - a wand of polymorph (22)
Scrolls
 a - 2 scrolls of silence
 e - 4 scrolls of fear
 j - 3 scrolls of enchant armour
 v - 2 scrolls of blinking {unknown}
 y - 7 scrolls of vulnerability
 I - 5 scrolls of identify
 K - a scroll of magic mapping
 L - a scroll of noise {unknown}
Potions
 d - 4 potions of might
 f - 5 potions of berserk rage
 g - a potion of cancellation
 k - 6 potions of curing
 n - a potion of mutation
 p - 2 potions of magic {unknown}
 r - a potion of brilliance
 D - a potion of resistance {unknown}
 F - a potion of lignification
 J - a potion of degeneration {unknown}


   Skills:
 + Level 10.0 Fighting
 + Level 9.7 Short Blades
 - Level 2.4 Armour
 + Level 10.0 Shields


You had 10 spell levels left.
You didn't know any spells.
Your spell library contained the following spells:

 Spells                   Type           Power      Damage    Failure   Level
 Animate Skeleton         Necr           0%         N/A       100%        1
 Pain                     Necr           0%         1d4       100%        1
 Vampiric Draining        Necr           0%         2d6       100%        3
 Conjure Ball Lightning   Conj/Air       0%         3x3d6     100%        6
 Discord                  Hex            0%         N/A       100%        8
 Disjunction              Tloc           0%         N/A       100%        8


Dungeon Overview and Level Annotations

Branches:
Dungeon (10/15)            Temple (1/1) D:6            Lair (0/6) D:10
    Orc (0/2) D:10

Altars:
Ashenzari
Cheibriados
Dithmenos
Elyvilon
Fedhas
Gozag
Hepliaklqana
Kikubaaqudgha
Makhleb
Nemelex Xobeh
Okawaru
Qazlal
Ru
Sif Muna
Trog
Uskayaw
Vehumet
Wu Jian
Xom
Yredelemnul
Zin
The Shining One

Shops:
D:2 [!(   D:8 (   D:9 *


Innate Abilities, Weirdness & Mutations

Your life essence is reduced to manifest your ancestor. (-10% HP)
You have razor-sharp teeth.
Your natural rate of healing is unusually fast.
When hurt, damage is shared between your health and your magic reserves.
Your bite disrupts and absorbs the magic of your enemies.
Potions cannot restore your health.


Message History

You hit the two-headed ogre but do no damage.
You bite the two-headed ogre. You drain its power.
The two-headed ogre is severely wounded.
You hear a shout!
The two-headed ogre hits you with a +0 giant club!
The two-headed ogre closely misses you.
You swap places.
The two-headed ogre attacks as you move away!
You block the two-headed ogre's attack.
The two-headed ogre hits you with a +0 giant spiked club.
Zdislav hits the two-headed ogre with a +0 dagger of draining.
The two-headed ogre hits Zdislav with a +0 giant club!!
The two-headed ogre hits Zdislav with a +0 giant spiked club!!
Zdislav is destroyed!
A deep elf knight comes into view. It is wielding a +0 long sword.
Found a trident.
An acid dragon comes into view.
Found four items.
The acid dragon attacks as you move away!
You block the acid dragon's attack. x2
A deep elf zephyrmancer comes into view.
It is wielding the +4 war axe "Nuxtefaw" {vorpal, rElec rF+ Int-2} and wearing the amulet of Gypt {Acrobat Rampage}.
The deep elf zephyrmancer shouts!
The deep elf zephyrmancer points at you and mumbles some strange words.
The bolt of lightning hits you!! The bolt of lightning misses you.
The acid dragon spits acid at you. The splash of acid hits you!
As you read the scroll of teleportation, it crumbles to dust.
You feel strangely unstable.
The deep elf knight casts a spell.
The deep elf knight flickers and vanishes for a moment.
The deep elf zephyrmancer points at you and mumbles some strange words.
The bolt of lightning hits you!!
* * * LOW HITPOINT WARNING * * *
The bolt of lightning misses you.
The bolt of lightning hits the deep elf zephyrmancer!
The deep elf zephyrmancer resists.
The acid dragon bites you but does no damage.
You block the acid dragon's attack.
The deep elf zephyrmancer hits you with the +4 war axe "Nuxtefaw" {vorpal, rElec rF+ Int-2}!
You die...

))..#.###.#....#. #.#..##.##
###.#.....###..#..######.#.#.....
###.#.......#..#)........#...#.#.
....#.......# #####e#########.##
#####.......# ##.#.# #.#.#†#. #
#........# ##O#.#.# #...#.#.
#######.....# ##D##.##.###..#...
............# #.## )) #.#...#...
#########...# #@# #). .#..R#...
............# #e# )## ###....#
#######....(#..##. ## #.......
...#........#..# #. #...#)#.
##.#........#..# #. #.#.#.#.
##.#........#..# ###### #####.##
.#.##########..###.....###.##....
.#.#...........##.......##.#...##
.#.#...........#...#.#...#.#..##.


You could see a two-headed ogre, a deep elf knight (invisible), a deep elf
zephyrmancer and an acid dragon.

Vanquished Creatures
  A two-headed ogre (D:8)
  Pikel (D:6)
  A cyclops (D:9)
  A manticore (D:10)
  2 unseen horrors (D:10)
  A kobold demonologist (D:9)
  A troll (D:10)
  2 hornets
  Sigmund (D:5)
  2 wyverns
  14 yaks
  A vampire (D:9)
  A basilisk (D:10)
  A water moccasin (D:6)
  6 orc warriors
  3 sky beasts
  A black bear (D:5)
  An ogre (D:6)
  4 centaurs
  A lemure (D:6)
  3 phantoms
  A kobold brigand (D:8)
  A scorpion (D:6)
  4 bullfrogs
  A necrophage (D:7)
  8 wights
  9 killer bees (D:9)
  An electric eel (D:7)
  5 howler monkeys
  A lava snake (D:8)
  A hound (D:5)
  A jelly (D:8)
  A gnoll shaman (D:8)
  5 orc priests
  2 iguanas
  9 orc wizards
  3 gnolls (D:5)
  9 adders
  A white imp (D:7)
  An ufetubus (D:6)
  3 worms
  3 dart slugs
  39 orcs
  4 ball pythons
  13 endoplasms
  3 giant cockroaches
  5 hobgoblins
  9 kobolds
  A quokka (D:4)
  8 bats
  A frilled lizard (D:2)
  12 goblins
  9 rats
223 creatures vanquished.

Vanquished Creatures (collateral kills)
  2 yaks (D:8)
  An ice beast (D:8)
  An orc priest (D:10)
  A white imp (D:8)
5 creatures vanquished.

Vanquished Creatures (others)
  An ancestor (D:8)
  A hexer (D:10)
  10 plants (D:7)
12 creatures vanquished.

Grand Total: 240 creatures vanquished

Notes
Turn   | Place    | Note
-------+----------+-------------------------------------------
     0 | D:1      | mistaj the Vine Stalker Fighter began the quest for the
                  | Orb.
     0 | D:1      | Reached XP level 1. HP: 11/11 MP: 2/2
   216 | D:1      | Found a faded altar of an unknown god.
   257 | D:1      | Reached XP level 2. HP: 11/16 MP: 3/3
   569 | D:1      | Reached XP level 3. HP: 15/20 MP: 0/4
  1029 | D:2      | Identified the +1 chain mail of the Great Game {Fly Slay+4}
  1099 | D:2      | Found Dutom's Armour Shoppe.
  1667 | D:2      | Gained mutation: Your natural rate of healing is unusually
                  | fast. [Vine Stalker growth]
  1667 | D:2      | Reached XP level 4. HP: 24/24 MP: 5/5
  1723 | D:2      | Found Sumpyroi's Weapon Shoppe.
  1914 | D:2      | Found Kemo's Distillery.
  3024 | D:2      | Bought the +1 kite shield of the Wheelwright {Regen+} for
                  | 198 gold pieces
  3285 | D:4      | Found a sacrificial altar of Ru.
  3296 | D:4      | Reached XP level 5. HP: 29/29 MP: 6/6
  3368 | D:4      | Noticed a phantom
  3439 | D:4      | Killed a phantom
  3642 | D:4      | Reached XP level 6. HP: 33/33 MP: 7/7
  4012 | D:5      | Entered Level 5 of the Dungeon
  4216 | D:5      | Reached XP level 7. HP: 35/38 MP: 8/8
  4505 | D:4      | Reached skill level 5 in Shields
  4515 | D:5      | Reached skill level 5 in Fighting
  4695 | D:5      | Gained mutation: You have razor-sharp teeth. [Vine Stalker
                  | growth]
  4695 | D:5      | Reached XP level 8. HP: 43/43 MP: 9/9
  4869 | D:2      | Bought a +0 pair of boots for 54 gold pieces
  5045 | D:5      | Noticed Sigmund
  5066 | D:5      | Killed Sigmund
  5067 | D:5      | Reached skill level 5 in Short Blades
  5558 | D:6      | Found a broken altar of Ashenzari.
  5727 | D:6      | Found a sparkling altar of Nemelex Xobeh.
  5760 | D:6      | Found a staircase to the Ecumenical Temple.
  6000 | D:6      | Found a burning altar of Makhleb.
  6001 | D:6      | Found an iron altar of Okawaru.
  6003 | D:6      | Found a shadowy altar of Dithmenos.
  6117 | D:6      | Reached XP level 9. HP: 49/49 MP: 10/10
  6207 | Temple   | Entered the Ecumenical Temple
  6364 | Temple   | Became a worshipper of Hepliaklqana the Forgotten
  6633 | D:7      | Noticed a hornet
  6724 | D:7      | Noticed Pikel
  6929 | D:6      | Killed Pikel
  7056 | D:7      | Killed a hornet
  7184 | D:7      | Found an opulent altar of Gozag.
  7222 | D:7      | Found a white marble altar of Elyvilon.
  7267 | D:7      | Reached XP level 10. HP: 56/56 MP: 11/11
  7423 | D:7      | Identified the +2 short sword "Biocas" {chaos, Str+9 Dex-2}
  7639 | D:7      | Identified a scroll of acquirement
  7639 | D:7      | Acquired the +2 pair of gloves of the Shining Light {rF+
                  | SInv}
  7872 | D:8      | Reached * piety under Hepliaklqana
  7957 | D:8      | Found Bulonuy's Weapon Shoppe.
  8071 | D:8      | Noticed a two-headed ogre
  8205 | D:8      | Killed a two-headed ogre
  8608 | D:9      | Found Vyistug's Assorted Antiques.
  8618 | D:9      | Bought a blackened granite ring for 160 gold pieces
  8697 | D:9      | Noticed a cyclops
  8707 | D:9      | Killed a cyclops
  8731 | D:9      | Reached XP level 11. HP: 55/55 MP: 12/12
  8896 | D:9      | Reached ** piety under Hepliaklqana
  8897 | D:9      | Remembered your ancestor Zdislav as a hexer
  9168 | D:10     | Entered Level 10 of the Dungeon
  9292 | D:10     | Found a staircase to the Lair.
  9332 | D:10     | Found an ancient bone altar of Kikubaaqudgha.
  9551 | D:10     | Noticed a manticore
  9558 | D:10     | Killed a manticore
  9772 | D:10     | Found a staircase to the Orcish Mines.
  9784 | D:10     | Reached *** piety under Hepliaklqana
 10028 | D:10     | Reached skill level 10 in Fighting
 10028 | D:10     | Reached skill level 10 in Shields
 10049 | D:10     | Noticed a two-headed ogre
 10058 | D:10     | Noticed a deep elf knight
 10066 | D:10     | Identified the +4 war axe "Nuxtefaw" {vorpal, rElec rF+
                  | Int-2}
 10066 | D:10     | Identified the amulet of Gypt {Acrobat Rampage}
 10066 | D:10     | Noticed a deep elf zephyrmancer
 10069 | D:10     | Mangled by a deep elf zephyrmancer

Illustrated notes

Levels and vault maps discovered:
D:1:      dpeg_arrival_subterranean_lakeside_camping, layout_rooms,
          chequers_ecumenical_altar_simple_redux
D:2:      cheibrodos_old_hovel, layout_loops_ring, serial_shops, shop,
          nicolae_lakefront_shop, nicolae_shop_hallway_plus
D:3:      layout_loops_ring, minmay_randomly_rotated_circles
D:4:      layout_rooms, nicolae_ru_great_annihilating_truth
D:5:      layout_basic, uniq_sigmund
D:6:      layout_basic, cheibrodos_ashenzari_chains, nemelex_dance_club_becter,
          grunt_temple_overflow_open, temple_doors_e
D:7:      layout_rooms, mainiacjoe_overflow_chevrons,
          nicolae_elyvilon_temple_path, grunt_ministairs_13, uniq_pikel
D:8:      layout_rooms, serial_shops, kennysheep_mini, kennysheep_generic_room_4
D:9:      layout_long_grid, serial_shops, shop_fountains, minmay_microvault
D:10:     minmay_the_grid_3x2 [minmay_the_grid_odd_star, minmay_the_grid_spikes,
          minmay_the_grid_fan, minmay_the_grid_box_x, minmay_the_grid_plusring,
          minmay_the_grid_prize_diamond_cup], layout_irregular_city,
          kiku_gazebo_pond_becter, lair_entry_dummy, serial_co_window_serial,
          co_window_corner_a, co_window_paths_b, co_window_paths_a,
          co_window_paths_a, co_window_corner_a, co_window_corner_b,
          co_window_unsneaky_path_e, co_window_corner_ca, co_window_cross_4,
          co_window_unsneaky_path_d, co_window_of_opportunity_b,
          minmay_misc_feat_cross
Temple:   nicolae_temple_god_jail

Skill      XL: |  1  2  3  4  5  6  7  8  9 10 11 |
---------------+----------------------------------+-----
Short Blades   | 2 3 4 6 7 8 9 |  9.7
Fighting       | 3 4 5 6 7 9 10 | 10.0
Shields        | 3 4 5 6 7 9 10 | 10.0
Armour         | |  2.4

Action                   |  1- 3 |  4- 6 |  7- 9 | 10-12 || total
-------------------------+-------+-------+-------+-------++-------
Melee: Rapier            |    91 |    64 |       |       ||   155
       Bite              |    14 |    51 |    76 |   112 ||   253
       Short sword       |       |   114 |   249 |   283 ||   646
Invok: Ancestor Life: He |       |       |       |     1 ||     1
  Use: Scroll            |     1 |    10 |       |    11 ||    22
 Stab: Paralysed         |       |     1 |       |       ||     1
Armor: Scale mail        |    29 |    47 |       |       ||    76
       Chain mail        |       |    56 |    95 |    48 ||   199
Dodge: Dodged            |    34 |    52 |    22 |    36 ||   144
Block: Buckler           |    19 |    25 |       |       ||    44
       Kite shield       |       |    39 |   148 |   164 ||   351
       Reflection        |       |       |     2 |     6 ||     8

Table legend: (Time is in decaauts)
 A = Elapsed time spent in this place.
 B = Non-inter-level travel time spent in this place.
 C = Inter-level travel time spent in this place.
 D = Time resting spent in this place.
 E = Time spent auto-exploring this place.
 F = Levels seen in this place.
 G = Mean time per level.
                   A        B        C        D        E       F      G
               +--------+--------+--------+--------+--------+-----+--------+
         Total |  10038 |   9219 |    819 |   1965 |   4563 |  11 |  912.5 |
       Dungeon |   9866 |   9060 |    806 |   1865 |   4539 |  10 |  986.6 |
        Temple |    171 |    158 |     13 |    100 |     24 |   1 |  171.0 |
               +--------+--------+--------+--------+--------+-----+--------+

Top non-repeatable levels by time:
     D:5: 1273 daAuts
     D:2: 1265 daAuts
     D:6: 1159 daAuts
     D:4: 1008 daAuts
     D:1: 998 daAuts
     D:3: 997 daAuts
     D:7: 973 daAuts
    D:10: 875 daAuts
     D:8: 688 daAuts
     D:9: 625 daAuts
  Temple: 171 daAuts
